 Dungeon Crawl Stone Soup version 0.28-a0-1555-g9ae15a6949 (webtiles) character file.

Game seed: 8909722948034889518

1605 mordus the Carver (level 9, -2/64 HPs)
             Began as a Formicid Abyssal Knight on Jan 18, 2022.
             Was a Priest of Lugonu.
             Slain by an orc warrior (8 damage)
             ... on level 8 of the Dungeon.
             The game lasted 00:11:14 (8132 turns).

mordus the Carver (Formicid Abyssal Knight)         Turns: 8132, Time: 00:11:14

Health: -2/64      AC: 12    Str: 22    XL:     9   Next: 16%
Magic:  10/10      EV:  8    Int: 10    God:    Lugonu [***...]
Gold:   354        SH:  0    Dex: 11    Spells: 8/8 levels left

rFire   . . .      SeeInvis +   k - +6 great mace of Vyorawnegin {elec, rCorr}
rCold   . . .      Faith    .   (no shield)
rNeg    . . .      Spirit   .   e - +0 chain mail
rPois   +          Reflect  .   (helmet unavailable)
rElec   .          Harm     .   w - +1 cloak
rCorr   +          Rampage  .   (no gloves)
Will    .....                   (no boots)
Stlth   ..........              (no amulet)
HPRegen 0.20/turn               n - ring of poison resistance
MPRegen 0.12/turn               (no ring)

@: studying Long Blades
A: permanent stasis, dig shafts and tunnels, antennae 3, four strong arms
a: Dig, Shaft Self, Renounce Religion, Depart the Abyss, Bend Space, Banish


You were on level 8 of the Dungeon.
You worshipped Lugonu.
Lugonu was most pleased with you.
You visited 1 branch of the dungeon, and saw 8 of its levels.
You visited the Abyss 1 time.

You collected 354 gold pieces.

Inventory:

Hand Weapons
 a - a +2 falchion
 k - the +6 great mace of Vyorawnegin (weapon) {elec, rCorr}
   (You found it on level 4 of the Dungeon)

   It occasionally discharges a powerful burst of electricity upon striking a
   foe.
   rCorr:     It protects you from acid and corrosion.
 p - a +2 dagger of electrocution
Armour
 e - a +0 chain mail (worn)
 w - a +1 cloak (worn)
Jewellery
 b - a ring of flight
 n - a ring of poison resistance (left hand)
 s - a +6 ring of intelligence
Potions
 c - a potion of heal wounds
 d - 2 potions of magic
 f - a potion of invisibility
 g - 5 potions of flight
 i - 4 potions of curing
 j - 2 potions of mutation
 l - a potion of might
 o - a potion of brilliance
 u - a potion of cancellation


   Skills:
 - Level 3.2 Fighting
 * Level 10.0 Long Blades
 + Level 7.2 Armour
 - Level 0.8 Dodging
 - Level 2.1 Invocations


You had 8 spell levels left.
You didn't know any spells.
Your spell library contained the following spells:

 Spells                   Type           Power      Damage    Failure   Level
 Animate Skeleton         Necr           0%         N/A       95%         1
 Apportation              Tloc           0%         N/A       95%         1
 Sandblast                Erth           0%         2d4       95%         1
 Summon Small Mammal      Summ           0%         N/A       95%         1
 Passwall                 Tmut/Erth      0%         N/A       99%         2
 Static Discharge         Conj/Air       0%         N/A       99%         2
 Dazzling Flash           Conj/Hex       0%         N/A       100%        3
 Frozen Ramparts          Ice            0%         1d2       100%        3
 Lesser Beckoning         Tloc           0%         N/A       100%        3
 Stone Arrow              Conj/Erth      0%         3d7       100%        3
 Ice Form                 Ice/Tmut       0%         N/A       100%        4
 Summon Ice Beast         Ice/Summ       0%         N/A       100%        4
 Agony                    Necr           0%         N/A       100%        5
 Lightning Bolt           Conj/Air       0%         1d11      100%        5
 Manifold Assault         Tloc           0%         N/A       100%        5
 Silence                  Hex/Air        0%         N/A       100%        5
 Maxwell's Capacitive Co  Air            0%         ∞         100%        8
 Blink                    Tloc           Unusable   N/A       N/A         2

Dungeon Overview and Level Annotations

Branches:
Dungeon (8/15)             Temple (0/1) D:5
   Lair: D:8-11

Altars:
Fedhas
Nemelex Xobeh
Trog
Yredelemnul
Zin

Shops:
D:2 [

Annotations:
D:7 Joseph, Maggie


Innate Abilities, Weirdness & Mutations

You cannot be hasted, slowed, berserked, paralysed or teleported.
You can dig through walls and to a lower floor.
You have a pair of large antennae on your head. (SInv)
Your four strong arms can wield two-handed weapons with a shield.


Message History

The orc hits you but does no damage. The orc warrior closely misses you.
The jelly hits you.
You are splashed with acid.
You resist. The orc hits you with a +0 club. The orc barely misses you.
The orc hits you but does no damage. The jelly hits you but does no damage.
The orc warrior closely misses you. The orc hits you but does no damage.
You hit the jelly.
Your hands burn!
The jelly is moderately wounded.
The orc closely misses you. The orc barely misses you.
The orc warrior hits you but does no damage.
The jelly hits you but does no damage. The orc hits you with a +0 club.
The orc hits you but does no damage. x2
You sock the jelly!
Your hands burn!
The jelly is severely wounded.
The orc warrior hits you but does no damage.
The jelly hits you but does no damage. The orc hits you but does no damage.
The orc hits you with a +0 flail. The orc hits you but does no damage.
The jelly hits you but does no damage.
The orc warrior hits you but does no damage.
The orc hits you but does no damage. The orc hits you with a +0 flail.
You bludgeon the jelly!!
You kill the jelly!
Lugonu accepts your kill. The orc closely misses you. The orc misses you.
The orc warrior hits you with a +0 short sword!
* * * LOW HITPOINT WARNING * * *
The orc closely misses you. The orc barely misses you.
The orc hits you but does no damage.
The orc warrior hits you with a +0 short sword!
* * * LOW HITPOINT WARNING * * *
Your Long Blades skill increases to level 10!
The orc hits you but does no damage. The orc barely misses you.
You bludgeon the orc!!
You kill the orc!
Lugonu accepts your kill.
You can now banish your foes.
You sock the orc!
You kill the orc!
Lugonu accepts your kill.
The orc warrior hits you with a +0 short sword!
You die...

........................##
#... ..................
#...# ........#.........
.....##.......#.........
.............#......#.. ..
#.......#......##..#..
..####..............#.....
.......#..................
#.....##@##...#..........
#.......o##...#..#.....
##.....##o..............
.......#......#.........
......).......##........
........#...#.##........
......#.#...####........
...#.##....## ....#....
...#.##.....## #.####.^.


You could see an orc warrior and an orc.

Vanquished Creatures
  2 water moccasins
  4 ice beasts
  A sky beast (D:7)
  A phantom (D:4)
  2 scorpions
  2 water moccasin skeletons
  3 hounds
  5 orc priests
  2 jellies
  3 iguanas
  2 orc wizards (D:5)
  Robin (D:2)
  A howler monkey zombie (D:8)
  A howler monkey skeleton (D:7)
  3 gnolls (D:4)
  5 adders
  A shadow imp (D:8)
  A white imp (D:8)
  An ufetubus (D:5)
  An adder zombie (D:4)
  An adder skeleton (D:4)
  3 dart slugs
  13 orcs
  2 endoplasms
  2 giant cockroaches
  11 goblins
  12 hobgoblins
  10 jackals
  3 quokkas
  7 ball pythons
  A bat (D:1)
  3 frilled lizards
  4 kobolds
  4 rats
118 creatures vanquished.

Notes
Turn   | Place    | Note
-------+----------+-------------------------------------------
     0 | Abyss:1  | mordus the Formicid Abyssal Knight began the quest for the
                  | Orb.
     0 | Abyss:1  | Reached XP level 1. HP: 18/18 MP: 2/2
   164 | Abyss:1  | Noticed a large abomination
   173 | Abyss:1  | Noticed a juggernaut simulacrum
   196 | Abyss:2  | Noticed an ancient zyme
   212 | Abyss:2  | Noticed a small abomination
   220 | Abyss:2  | Noticed a red devil
   227 | D:1      | Escaped the Abyss
   575 | D:1      | Reached XP level 2. HP: 23/24 MP: 3/3
   742 | D:1      | Reached * piety under Lugonu
  1114 | D:1      | Reached XP level 3. HP: 25/29 MP: 4/4
  1359 | D:2      | Reached skill level 3 in Long Blades
  1580 | D:2      | Found Ruubrac's Antique Armour Boutique.
  1709 | D:2      | Noticed Robin
  1749 | D:2      | Killed Robin
  1750 | D:2      | Reached XP level 4. HP: 10/30 MP: 5/5
  2043 | D:2      | Found a faded altar of an unknown god.
  2575 | D:3      | Found a bloodstained altar of Trog.
  2575 | D:3      | Found a blossoming altar of Fedhas.
  3171 | D:4      | Reached skill level 4 in Long Blades
  3192 | D:4      | Noticed a phantom
  3220 | D:4      | Killed a phantom
  3221 | D:4      | Reached XP level 5. HP: 8/41 MP: 6/6
  3519 | D:4      | Reached XP level 6. HP: 39/47 MP: 7/7
  3727 | D:4      | Reached skill level 5 in Long Blades
  3798 | D:4      | Identified the +6 great mace of Vyorawnegin {elec, rCorr}
  4054 | D:4      | Reached ** piety under Lugonu
  4592 | D:5      | Entered Level 5 of the Dungeon
  4592 | D:5      | Noticed a water moccasin
  4603 | D:5      | Killed a water moccasin
  4604 | D:5      | Reached skill level 6 in Long Blades
  4604 | D:5      | Reached XP level 7. HP: 4/52 MP: 8/8
  4892 | D:5      | Reached skill level 5 in Armour
  5329 | D:5      | Found a staircase to the Ecumenical Temple.
  5530 | D:5      | Found a sparkling altar of Nemelex Xobeh.
  5622 | D:5      | Reached skill level 7 in Long Blades
  5622 | D:5      | Reached XP level 8. HP: 25/58 MP: 9/9
  6240 | D:5      | You fall into a shaft and drop 3 floors!
  6718 | D:6      | Reached skill level 8 in Long Blades
  7298 | D:6      | Identified a scroll of acquirement
  7298 | D:6      | Acquired a manual of Long Blades
  7521 | D:7      | Noticed Joseph
  7622 | D:7      | Found a basalt altar of Yredelemnul.
  7651 | D:7      | Reached skill level 9 in Long Blades
  7711 | D:7      | Noticed Maggie
  7714 | D:7      | Reached XP level 9. HP: 48/64 MP: 10/10
  7716 | D:7      | Noticed a hornet
  7720 | D:7      | You fall into a shaft and drop 1 floor!
  8029 | D:8      | Found a glowing silver altar of Zin.
  8120 | D:8      | HP: 3/64 [orc warrior (7)]
  8121 | D:8      | Reached skill level 10 in Long Blades
  8131 | D:8      | Reached *** piety under Lugonu
  8132 | D:8      | Slain by an orc warrior

Illustrated notes

Levels and vault maps discovered:
D:1:      lemuel_arrival_tunnels, layout_basic
D:2:      layout_loops_ring, serial_shops, nicolae_square_shop,
          chequers_ecumenical_altar_simple_redux, minmay_misc_feat_tower,
          uniq_robin
D:3:      layout_rooms, gammafunk_temple_overflow_wave
D:4:      kennysheep_big_flooded_room, layout_basic
D:5:      layout_basic, mainiacjoe_overflow_six_doors_small,
          minmay_temple_entry_statues, minmay_crystal_room
D:6:      layout_basic
D:7:      layout_gridville, mainiacjoe_overflow_surrounded_room,
          kennysheep_ying_yang, uniq_maggie, uniq_joseph
D:8:      layout_cave_pools, zin_statuary, kennysheep_small_circle,
          uniq_maurice, uniq_gastronok

Skill      XL: |  1  2  3  4  5  6  7  8  9 |
---------------+----------------------------+-----
Long Blades    | 3 4 6 7 9 10 | 10.0
Armour         | 3 4 5 6 7 |  7.2
Fighting       | |  3.2
Dodging        | |  0.8
Invocations    | |  2.1

Action                   |  1- 3 |  4- 6 |  7- 9 || total
-------------------------+-------+-------+-------++-------
Melee: Falchion          |   106 |    37 |       ||   143
       Punch             |     3 |     3 |     5 ||    11
       Dagger            |       |    46 |       ||    46
       Great mace        |       |    33 |   104 ||   137
Invok: Depart the Abyss  |     1 |       |       ||     1
 Abil: Dig               |     1 |       |       ||     1
       Shaft Self        |       |       |     1 ||     1
  Use: Scroll            |       |    10 |     9 ||    19
       Potion            |       |     2 |       ||     2
Armor: Leather armour    |     5 |       |       ||     5
       Ring mail         |    21 |    39 |    31 ||    91
       Scale mail        |       |       |    23 ||    23
       Chain mail        |       |       |    36 ||    36
Dodge: Dodged            |    71 |    46 |   116 ||   233

Table legend: (Time is in decaauts)
 A = Elapsed time spent in this place.
 B = Non-inter-level travel time spent in this place.
 C = Inter-level travel time spent in this place.
 D = Time resting spent in this place.
 E = Time spent auto-exploring this place.
 F = Levels seen in this place.
 G = Mean time per level.
                   A        B        C        D        E       F      G
               +--------+--------+--------+--------+--------+-----+--------+
         Total |   8250 |   8068 |    182 |   1999 |   4804 |  10 |  825.0 |
       Dungeon |   8024 |   7842 |    182 |   1999 |   4620 |   8 | 1003.0 |
         Abyss |    226 |    226 |      0 |      0 |    184 |   2 |  113.0 |
               +--------+--------+--------+--------+--------+-----+--------+

Top non-repeatable levels by time:
     D:4: 1589 daAuts
     D:5: 1561 daAuts
     D:6: 1151 daAuts
     D:1: 1126 daAuts
     D:2: 1092 daAuts
     D:3: 873 daAuts
     D:8: 446 daAuts
     D:7: 181 daAuts
 Abyss:1: 174 daAuts
 Abyss:2: 52 daAuts
